 Dungeon Crawl Stone Soup version bcrawl-1.38b (webtiles) character file.

Game seed: 17612398351122721510

215757 CuBeRJAN3 the Firebug (level 9, -1/70 HPs)
             Began as a Demonspawn Fire Elementalist on Feb 20, 2023.
             Was a Priest of Sif Muna.
             Slain by an orc warrior
             ... wielding a +0 glaive
              (18 damage)
             ... on level 8 of the Dungeon.
             The game lasted 00:44:27 (10044 turns).

CuBeRJAN3 the Firebug (DsFE)                       Turns: 10044, Time: 00:44:28

Health: -1/70      AC:  5    Str:  8    XL:     9   Next: 82%
Magic:  7/17       EV: 15    Int: 20    God:    Sif Muna [***...]
Gold:   536        SH:  0    Dex: 14    Spells: 3/19 levels left

rFire    . . .     GDR:     26% a - +1 dagger (venom)
rCold    . . .     SeeInvis .   (no shield)
rNeg     + . .     Gourm    .   g - +0 robe
rPois    .         Faith    .   (no helmet)
rElec    .         Spirit   .   p - +0 cloak
rCorr    .         Reflect  .   u - +0 pair of gloves
MR       .....                  (no boots)
Stlth    +++.......             s - amulet of regeneration
HPRegen  0.42/turn              n - ring of positive energy
MPRegen  0.15/turn              (no ring)

@: no status effects
A: rugged brown scales 1, demonic guardian 1, rot immunity
a: Divine Energy, Channel Magic, Renounce Religion


You were on level 8 of the Dungeon.
You worshipped Sif Muna.
Sif Muna was most pleased with you.
You were not hungry.

You visited 2 branches of the dungeon, and saw 9 of its levels.

You collected 536 gold pieces.

Inventory:

Hand Weapons
 a - a +1 dagger of venom (weapon)
 b - a +0 blowgun
 h - a +0 club
 B - a +2 quarterstaff of chaos
Missiles
 d - 1318 stones (quivered)
 l - 2 poisoned needles
 A - 457 arrows
Armour
 g - a +0 robe (worn)
 p - a +0 cloak (worn)
 u - a +0 pair of gloves (worn)
Magical Staves
 c - an uncursed staff of summoning {unknown}
 r - an uncursed staff of cold
Jewellery
 n - a ring of positive energy (left hand)
 s - an amulet of regeneration (around neck)
Wands
 F - a wand of random effects (9)
Scrolls
 f - 4 scrolls of teleportation
 i - 5 scrolls of identify
 j - a scroll of enchant armour {unknown}
 o - a scroll of fog {unknown}
 q - a scroll of enchant weapon {unknown}
 v - 2 scrolls of remove curse {unknown}
 w - a scroll of immolation {unknown}
 x - a scroll of amnesia {unknown}
 C - a scroll of fear {unknown}
Potions
 k - 3 potions of magic {unknown}
 m - 2 potions of curing
 t - 4 potions of degeneration {unknown}
 y - 2 potions of brilliance {unknown}
 z - a potion of heal wounds {unknown}
 D - a potion of agility {unknown}
Comestibles
 e - 10 rations {!d}


   Skills:
 + Level 5.3 Fighting
 + Level 5.5 Dodging
 + Level 6.0 Stealth
 + Level 5.6 Spellcasting
 + Level 5.6 Conjurations
 + Level 6.0 Fire Magic


You had 3 spell levels left.
You knew the following spells:

 Your Spells              Type           Power        Failure   Level  Hunger
a - Flame Tongue          Conj/Fire      ####.        1%          1    None
b - Inner Flame           Hex/Fire       N/A          10%         3    ##.....
c - Conjure Flame         Conj/Fire      ####....     3%          3    ##.....
d - Sticky Flame          Conj/Fire      ####....     10%         4    ####...
e - Fireball              Conj/Fire      ####......   26%         5    ######.

Your spell library contained the following spells:

 Spells                   Type           Power        Failure   Level  Hunger
 Flaming Arrows           Chrm/Fire      ###.....     4%          2    None
 Shock                    Conj/Air       ###....      4%          2    None
 Static Discharge         Air            #.....       11%         1    None
 Mephitic Cloud           Conj/Pois/Air  ##......     16%         3    ##.....
 Passwall                 Tmut/Erth      #.......     17%         2    None
 Sticks to Snakes         Tmut           #.......     17%         2    None
 Swiftness                Chrm/Air       #.......     17%         2    None
 Lightning Bolt           Conj/Air       ###.....     32%         4    ####...
 Shatter                  Erth           #.........   100%        9    #######


Dungeon Overview and Level Annotations

Branches:
Dungeon (8/12)             Temple (1/1) D:4            Lair (0/6) D:7
    Orc: D:8-11

Altars:
Ashenzari
Cheibriados
Dithmenos
Fedhas
Hepliaklqana
Kikubaaqudgha
Lugonu
Makhleb
Okawaru
Qazlal
Sif Muna
Trog
Uskayaw
Vehumet
Wu Jian

Annotations:
D:4 2 transporters, exclusion: downstairs, Argron's ghost, amateur NaRg
D:7 exclusion: statue


Innate Abilities, Weirdness & Mutations

You are partially covered in rugged brown scales. (AC +1, +3% HP)
A weak demonic guardian rushes to your aid.
You are immune to rotting.


Message History

Casting: Flame Tongue (safe; 1% risk of failure)
Confirm with . or Enter, or press ? or * to list all spells.
Aiming: Flame Tongue (safe; 1% risk of failure)
Press: ? - help, Shift-Dir - straight line, f/p - orc warrior
Aim: an orc warrior, wielding a +0 glaive and wearing a cursed +0 plate armour (heavily wounded)
The flame tongue hits the orc warrior but does no damage.
The orc warrior is heavily wounded.
The orc warrior closely misses you.
Your ufetubus hits the orc warrior but does no damage. x2
Casting: Flame Tongue (safe; 1% risk of failure)
Confirm with . or Enter, or press ? or * to list all spells.
Aiming: Flame Tongue (safe; 1% risk of failure)
Press: ? - help, Shift-Dir - straight line, f/p - orc warrior
Aim: an orc warrior, wielding a +0 glaive and wearing a cursed +0 plate armour (heavily wounded)
The flame tongue hits the orc warrior.
The orc warrior is severely wounded.
Your ufetubus hits the orc warrior but does no damage.
Your ufetubus barely misses the orc warrior.
The orc warrior hits you from afar with a +0 glaive!!
You die...

#.[.#...##...#.#.#
###.[......#...#.###
#................#
##.[....###.....[.#
####.<[..............#+#
##....#)##..###.....#!..#
#..##.......# #...)..#
#.....#.###.###..)##.#
#######..[.@)o....# .#
##......5##.# .#
#.......##..#.#
###########.... #... ....
##..


You could see an orc warrior and a friendly ufetubus.

Vanquished Creatures
  An elephant (D:7)
  Duvessa (D:5)
  A sky beast (D:4)
  2 orc warriors
  An ice beast (D:6)
  A black bear (D:7)
  4 ogres
  A kobold brigand (D:6)
  4 bullfrogs
  Blork the orc (D:5)
  A wyvern zombie (D:8)
  2 centaurs (D:5)
  Dowan (D:6)
  5 scorpions
  2 wights (D:5)
  A howler monkey (D:4)
  3 orc priests
  A bullfrog zombie (D:5)
  2 crimson imps
  2 jellies (D:6)
  6 orc wizards
  Crazy Yiuf (D:6)
  A bullfrog skeleton (D:4)
  2 hounds
  3 iguanas
  A howler monkey zombie (D:5)
  16 adders
  3 oozes
  An adder skeleton (D:6)
  2 worms
  4 dart slugs (D:2)
  3 leopard geckos
  26 orcs
  A ball python (D:1)
  2 bat zombies (D:1)
  3 giant cockroaches
  9 goblins
  9 hobgoblins
  3 jackals (D:2)
  8 kobolds
  3 quokkas
  6 frilled lizards
  A jackal skeleton (D:5)
  7 rats
158 creatures vanquished.

Vanquished Creatures (collateral kills)
  A sky beast (D:5)
  An ogre (D:7)
  A water moccasin zombie (D:5)
  A wight (D:6)
  A crimson imp (D:3)
  A hound (D:3)
  4 orcs
  A kobold (D:6)
  A quokka skeleton (D:4)
12 creatures vanquished.

Vanquished Creatures (others)
  A human (D:5)
  4 plants (D:4)
5 creatures vanquished.

Grand Total: 175 creatures vanquished

Notes
Turn   | Place    | Note
-------+----------+-------------------------------------------
     0 | D:1      | CuBeRJAN3 the Demonspawn Fire Elementalist began the quest
                  | for the Orb.
     0 | D:1      | Reached XP level 1. HP: 13/13 MP: 3/3
   287 | D:1      | Gained mutation: A weak demonic guardian rushes to your
                  | aid. [demonic ancestry]
   287 | D:1      | Reached XP level 2. HP: 19/19 MP: 1/5
   961 | D:2      | Found a snail-covered altar of Cheibriados.
  1280 | D:2      | Reached XP level 3. HP: 24/24 MP: 2/6
  1304 | D:2      | Learned a level 3 spell: Inner Flame
  2043 | D:2      | Found a faded altar of an unknown god.
  2257 | D:2      | Reached XP level 4. HP: 21/31 MP: 3/7
  2368 | D:3      | Learned a level 3 spell: Conjure Flame
  3095 | D:3      | Reached skill level 1 in Fighting
  3128 | D:3      | Gained mutation: You are partially covered in rugged brown
                  | scales. (AC +1, +3% HP) [demonic ancestry]
  3128 | D:3      | Reached XP level 5. HP: 32/38 MP: 5/9
  3339 | D:3      | Found a shattered altar of Ashenzari.
  3659 | D:4      | Noticed an ogre
  4138 | D:4      | Found a staircase to the Ecumenical Temple.
  4147 | Temple   | Entered the Ecumenical Temple
  4489 | Temple   | Became a worshipper of Sif Muna the Loreminder
  4549 | D:4      | Gained mutation: You are immune to rotting. [demonic
                  | ancestry]
  4549 | D:4      | Reached XP level 6. HP: 45/45 MP: 6/10
  4655 | D:4      | Noticed a sky beast
  4740 | D:4      | Identified the cursed +1 halberd "Uheiklo" {venom, +Fly
                  | rElec Str+4}
  4768 | D:4      | Found a transporter.
  4773 | D:4      | Noticed Argron's ghost (amateur NaRg)
  4835 | D:4      | Found a transporter.
  5099 | D:3      | Found an ornate altar of the Wu Jian Council.
  5168 | D:4      | Killed a sky beast
  5169 | D:4      | Reached XP level 7. HP: 30/52 MP: 8/12
  5461 | D:5      | Entered Level 5 of the Dungeon
  5505 | D:5      | Noticed Blork the orc
  5516 | D:5      | Killed Blork the orc
  5517 | D:5      | Reached * piety under Sif Muna
  5517 | D:5      | Identified Sif Muna's Collected Works on Ashen Shape
                  | Shifting (Sif Muna gifted it to you on level 5 of the
                  | Dungeon)
  5517 | D:5      | Received a gift from Sif Muna
  5542 | D:4      | Learned a level 4 spell: Sticky Flame
  5986 | D:5      | Reached XP level 8. HP: 59/59 MP: 11/13
  6245 | D:5      | Found an ancient bone altar of Kikubaaqudgha.
  6871 | D:6      | Found a radiant altar of Vehumet.
  6871 | D:6      | Found a shadowy altar of Dithmenos.
  6875 | D:6      | Found a blossoming altar of Fedhas.
  6904 | D:6      | Reached ** piety under Sif Muna
  6959 | D:5      | Reached skill level 5 in Fire Magic
  6990 | D:6      | Noticed Dowan
  7003 | D:6      | Killed Dowan
  7069 | D:6      | Noticed Duvessa
  7151 | D:5      | Reached skill level 5 in Stealth
  7152 | D:5      | Killed Duvessa
  7252 | D:6      | Reached XP level 9. HP: 64/66 MP: 10/16
  7258 | D:6      | Learned a level 5 spell: Fireball
  7366 | D:6      | Reached skill level 5 in Spellcasting
  7515 | D:6      | Reached skill level 5 in Conjurations
  7597 | D:6      | Found a runed door.
  7657 | D:6      | Found a glowing golden altar of the Shining One.
  7740 | D:6      | Got a steaming leather armour
  7859 | D:6      | Noticed Crazy Yiuf
  7867 | D:6      | Killed Crazy Yiuf
  8029 | D:7      | Reached *** piety under Sif Muna
  8029 | D:7      | Reached skill level 5 in Dodging
  8456 | D:7      | Noticed an elephant
  8460 | D:7      | Found a staircase to the Lair.
  8475 | D:7      | Killed an elephant
  8476 | D:7      | Reached skill level 5 in Fighting
  8997 | D:7      | Found a shimmering blue altar of Sif Muna.
  9381 | D:8      | Noticed a troll
  9385 | D:8      | Noticed a two-headed ogre
 10044 | D:8      | Slain by an orc warrior

Skill      XL: |  1  2  3  4  5  6  7  8  9 |
---------------+----------------------------+-----
Fire Magic     | 3 4 5 6 |  6.0
Dodging        | 2 3 4 5 |  5.5
Conjurations   | 2 3 4 5 |  5.6
Fighting       | 1 2 3 4 5 |  5.3
Stealth        | 3 4 5 6 |  6.0
Spellcasting   | 3 4 5 |  5.6

Action                   |  1- 3 |  4- 6 |  7- 9 || total
-------------------------+-------+-------+-------++-------
Melee: Unarmed           |     1 |       |       ||     1
       Dagger            |     3 |    34 |    43 ||    80
 Fire: Blowgun           |     4 |    24 |    86 ||   114
Throw: Stone             |     1 |       |    11 ||    12
 Cast: Flame Tongue      |    87 |    71 |   226 ||   384
       Conjure Flame     |       |     2 |     8 ||    10
       Inner Flame       |       |     2 |     2 ||     4
       Sticky Flame      |       |       |     2 ||     2
       Fireball          |       |       |     4 ||     4
Invok: Divine Energy     |       |     1 |     1 ||     2
Evoke: Wand              |       |     4 |       ||     4
  Use: Scroll            |       |     4 |       ||     4
 Stab: Distracted        |       |     1 |       ||     1
       Sleeping          |       |       |     2 ||     2
  Eat: Chunk             |     6 |     8 |    17 ||    31
       Ration            |       |     1 |     3 ||     4
Armor: Robe              |     3 |    20 |    29 ||    52
       Skin              |       |       |     1 ||     1
Dodge: Dodged            |    18 |    42 |   130 ||   190
